 Dungeon Crawl Stone Soup version 0.30-a0-459-g9104f0fc43 (webtiles) character file.

Game seed: 3751801900451944553

13533 snetch the Severer (level 12, -11/110 HPs)
             Began as a Hill Orc Fighter on Dec 15, 2022.
             Was a High Priest of Beogh.
             Mangled by a large abomination (27 damage)
             ... on level 2 of the Abyss.
             The game lasted 00:39:26 (11048 turns).

snetch the Severer (Hill Orc Fighter)              Turns: 11048, Time: 00:39:27

Health: -11/110    AC: 19    Str: 30    XL:     12   Next: 7%
Magic:  0/13       EV:  8    Int:  8    God:    Beogh [*****.]
Gold:   659        SH:  5    Dex: 10    Spells: 11/11 levels left

rFire   . . .      SeeInvis +    a - +2 hand axe (elec)
rCold   . . .      Faith    .    r - +0 buckler
rNeg    . . .      Spirit   +    l - +0 plate armour
rPois   .          Reflect  .    A - +1 hat
rElec   .          Harm     .    H - +0 cloak
rCorr   .          Rampage  .    q - +0 pair of gloves
Will    .....                    (no boots)
Stlth   ..........               y - amulet of guardian spirit
HPRegen 0.38/turn                t - ring of see invisible
MPRegen 0.13/turn                S - +6 ring of strength

@: mighty
A: walk on water
a: Renounce Religion, Smiting, Recall Orcish Followers, Give Item to Named
Follower


You were on level 2 of the Abyss.
You worshipped Beogh.
Beogh was extremely pleased with you.
You visited 2 branches of the dungeon, and saw 11 of its levels.
You visited the Abyss 1 time.
You also visited: Ossuary.

You collected 659 gold pieces.

Inventory:

Hand Weapons
 a - a +2 hand axe of electrocution (weapon)
 c - a +1 sling of electrocution
 s - a +0 halberd
 B - a +0 flail of holy wrath
 M - a +3 flail of freezing
 N - a +4 sling
 U - a +3 battleaxe
 V - a +3 falchion
Missiles
 e - 5 javelins
 j - 78 stones
 m - 2 throwing nets
 x - 29 poisoned darts (quivered)
 Z - 4 boomerangs
Armour
 l - a +0 plate armour (worn)
 q - a +0 pair of gloves (worn)
 r - a +0 buckler (worn)
 A - a +1 hat (worn)
 G - a +1 robe of the Archmagi
 H - a +0 cloak (worn)
 O - a +3 leather armour of willpower
 Y - a scarf of shadows
Magical Staves
 J - a staff of conjuration
Jewellery
 t - a ring of see invisible (left hand)
 y - an amulet of guardian spirit (around neck)
 z - a ring of willpower
 K - a ring of fire
 S - a +6 ring of strength (right hand)
Wands
 p - a wand of charming (17)
 X - a wand of roots (8)
Scrolls
 b - a scroll of fog {unknown}
 h - 5 scrolls of teleportation
 i - 3 scrolls of amnesia {unknown}
 n - 3 scrolls of poison
 o - 4 scrolls of noise {unknown}
 u - 2 scrolls of summoning {unknown}
 D - a scroll of torment
 E - 3 scrolls of fear {unknown}
 F - a scroll of magic mapping
 Q - 2 scrolls of immolation {unknown}
 R - a scroll of enchant weapon {unknown}
 T - a scroll of identify
 W - 3 scrolls of blinking {unknown}
Potions
 d - a potion of might
 f - 4 potions of lignification {unknown}
 g - 8 potions of heal wounds {unknown}
 k - 11 potions of curing {unknown}
 v - 4 potions of flight {unknown}
 w - 2 potions of attraction
 C - a potion of magic
 I - 3 potions of mutation
 L - 4 potions of brilliance
 P - 2 potions of haste


   Skills:
 + Level 11.2 Fighting
 + Level 15.0 Axes
 + Level 1.4 Throwing
 + Level 11.1 Armour
 + Level 2.9 Dodging
 + Level 1.4 Stealth
 + Level 7.6 Shields
 + Level 1.5 Invocations


You had 11 spell levels left.
You didn't know any spells.
Your spell library contained the following spells:

 Spells                   Type           Power      Damage    Failure   Level
 Necrotise                Necr           0%         1d4       98%         1
 Cigotuvi's Dreadful Rot  Necr/Pois/Air  0%         N/A       99%         2
 Ensorcelled Hibernation  Hex/Ice        0%         N/A       99%         2
 Passwall                 Tmut/Erth      0%         N/A       99%         2
 Static Discharge         Conj/Air       0%         2-2/arc   99%         2
 Frozen Ramparts          Ice            0%         1d1       100%        3
 Portal Projectile        Hex/Tloc       0%         N/A       100%        3
 Swiftness                Air            0%         N/A       100%        3
 Tukima's Dance           Hex            0%         N/A       100%        3
 Vampiric Draining        Necr           0%         2d6       100%        3
 Vhi's Electric Charge    Tloc/Air       0%         N/A       100%        3
 Dispel Undead            Necr           0%         3d6       100%        4
 Ice Form                 Ice/Tmut       0%         N/A       100%        4
 Olgreb's Toxic Radiance  Pois           0%         N/A       100%        4
 Summon Ice Beast         Ice/Summ       0%         N/A       100%        4
 Agony                    Necr           0%         N/A       100%        5
 Arcjolt                  Conj/Air       0%         1d10      100%        5
 Blade Hands              Tmut           0%         N/A       100%        5
 Lightning Bolt           Conj/Air       0%         1d11      100%        5
 Death Channel            Necr           0%         N/A       100%        6
 Ozocubu's Refrigeration  Ice            0%         4d7       100%        7
 Ignition                 Fire           0%         3d3       100%        8


Dungeon Overview and Level Annotations

Branches:
Dungeon (10/15)            Temple (1/1) D:5            Lair (0/5) D:10
    Orc (0/2) D:9         Ossuary (visited)

Altars:
Ashenzari
Cheibriados
Dithmenos
Elyvilon
Fedhas
Gozag
Hepliaklqana
Kikubaaqudgha
Makhleb
Nemelex Xobeh
Okawaru
Qazlal
Ru
Sif Muna
Trog
Uskayaw
Vehumet
Wu Jian
Xom
Yredelemnul
Zin
The Shining One

Shops:
D:6 :

Annotations:
D:5 gold behind water


Message History

Your Axes skill increases to level 15!
Your Armour skill increases to level 11!
You have reached level 12!
The wight hits you with a +3 mace.
* * * LOW HITPOINT WARNING * * *
The glowing orange brain blinks!
A wight comes into view. It is wielding a +0 mace.
The wight hits you but does no damage.
A large abomination comes into view.
Unknown command.
You slash the wight!
The wight is almost destroyed.
The wight barely misses you.
Unknown command.
You slice the wight!!
You destroy the wight!
Beogh accepts your kill.
The glowing orange brain pulsates ominously.
Unknown command.
An ancient lich comes into view.
The wight closely misses you.
Your orc knight hits the glowing orange brain with a +0 club!!
You hit the wight.
The wight is lightly damaged.
You slice the wight!!
You destroy the wight!
Beogh accepts your kill.
Your orc knight hits the glowing orange brain with a +0 club!!
Unknown command.
Your orc knight hits the glowing orange brain with a +0 club!
Your orc knight hits the glowing orange brain with a +0 club!
The glowing orange brain dies!
Beogh accepts your kill.
Your orc knight looks more experienced.
A vampire comes into view.
The large abomination attacks as you move away!
The large abomination barely misses you.
The large abomination attacks as you move away!
The large abomination hits you!!
You die...

#. #~ ♣~. ..
~♣~~~~ ..
.~≈≈~♣
#~~~~~#####
.#≈≈~≈#.#..
~~~~≈≈#..##
##~≈♣~~....#
#..≈~~~...#
#@~~♣~~~..#
#.X≈≈~~~...
###o~≈~≈#.
####)≈~~~~#.#
# ...L≈~~≈.#
#.#)..~~~~~.#
#...#..~≈~≈###
........≈V~~#
#....##.#♣~~≈#


You could see a large abomination (ally target), a vampire and a friendly orc
knight.

Vanquished Creatures
  3 two-headed ogres
  2 wizards (D:10)
  A smoke demon (Abyss:2)
  A gargoyle (D:10)
  Joseph (D:7)
  An orange demon (Abyss:2)
  An unseen horror (D:10)
  2 trolls
  A hornet (D:9)
  Prince Ribbit (D:6)
  A large abomination (Abyss:2)
  A shadow (D:5)
  A wraith (D:9)
  3 yaks
  The ghost of lotum the Chopper, an amateur DsBe of Trog (D:3)
  A steam dragon (D:7)
  2 wargs (D:10)
  3 water moccasins
  2 sky beasts (D:8)
  3 orc warriors
  3 ice beasts
  4 black bears
  2 ogres
  A phantom (D:5)
  3 centaurs
  4 kobold brigands
  4 bullfrogs
  3 elf zombies (Ossuary)
  A necrophage (D:6)
  2 scorpions
  9 wights
  10 killer bees
  A howler monkey (D:8)
  5 centaur zombies (Ossuary)
  4 human zombies (Ossuary)
  3 gnoll boudas
  A jelly (D:5)
  6 orc priests
  2 hounds (D:5)
  Jessica (D:3)
  5 iguanas
  An orc wizard (D:5)
  2 scorpion simulacra (D:3)
  4 mummies
  Robin (D:3)
  18 gnolls
  6 adders
  10 river rats (D:5)
  A shadow imp (D:7)
  3 white imps (D:8)
  3 ufetubi
  A dart slug (D:2)
  2 orcs
  6 endoplasms
  A giant cockroach (D:4)
  14 goblins
  4 hobgoblins
  7 jackals
  18 kobolds
  11 quokkas
  2 ball pythons
  A ball python simulacrum (D:3)
  4 bats
  2 frilled lizards
  A jackal simulacrum (D:3)
  18 rats
247 creatures vanquished.

Vanquished Creatures (collateral kills)
  A thrashing horror (Abyss:2)
  A glowing orange brain (Abyss:2)
  A wizard (D:10)
  A large abomination (Abyss:2)
  Grinder (D:6)
  4 yaks
  A warg (D:10)
  An orc warrior (D:10)
  A centaur (D:8)
  4 wights
  4 killer bees (D:10)
  An orc priest (D:9)
  A jelly (D:7)
  2 orc wizards
  4 orcs
  2 kobolds (D:9)
30 creatures vanquished.

Vanquished Creatures (others)
  A wizard (D:10)
  3 orc priests
  3 orc wizards
  11 orcs
18 creatures vanquished.

Grand Total: 295 creatures vanquished

Notes
Turn   | Place    | Note
-------+----------+-------------------------------------------
     0 | D:1      | snetch the Hill Orc Fighter began the quest for the Orb.
     0 | D:1      | Reached XP level 1. HP: 19/19 MP: 1/1
   967 | D:2      | Reached XP level 2. HP: 27/27 MP: 2/2
  1145 | D:2      | Reached XP level 3. HP: 33/33 MP: 3/3
  1187 | D:2      | Reached skill level 3 in Axes
  1611 | D:3      | Noticed Robin
  1643 | D:3      | Killed Robin
  1644 | D:3      | Reached skill level 4 in Axes
  1644 | D:3      | Reached XP level 4. HP: 39/40 MP: 4/4
  1745 | D:3      | Noticed lotum's ghost (amateur DsBe)
  1777 | D:3      | Found a blossoming altar of Fedhas.
  1899 | D:3      | Found a runed translucent gate.
  1899 | D:3      | Found a runed translucent gate.
  1899 | D:3      | Found a runed translucent gate.
  1970 | D:3      | Noticed Jessica
  1977 | D:3      | Killed Jessica
  2394 | D:4      | Noticed a black bear
  2402 | D:4      | Killed a black bear
  2403 | D:4      | Reached skill level 6 in Axes
  2403 | D:4      | Reached XP level 5. HP: 33/46 MP: 5/5
  2484 | D:5      | Entered Level 5 of the Dungeon
  2505 | D:4      | Reached XP level 6. HP: 49/52 MP: 6/6
  2730 | D:5      | Found a staircase to the Ecumenical Temple.
  2755 | Temple   | Entered the Ecumenical Temple
  3480 | D:5      | Became a worshipper of Beogh the Brigand
  3483 | D:5      | Reached skill level 5 in Armour
  3483 | D:5      | Reached XP level 7. HP: 47/60 MP: 7/7
  3585 | D:4      | Reached skill level 7 in Axes
  3916 | D:4      | Found a bloodstained altar of Trog.
  3923 | D:4      | Reached skill level 5 in Fighting
  3937 | D:4      | Found a shimmering blue altar of Sif Muna.
  3941 | D:4      | Found a shadowy altar of Dithmenos.
  3943 | D:4      | Found a snail-covered altar of Cheibriados.
  3949 | D:4      | Found a radiant altar of Vehumet.
  4158 | D:6      | Noticed Prince Ribbit
  4158 | D:6      | Found a hazy altar of Hepliaklqana.
  4347 | D:5      | Reached skill level 8 in Axes
  4594 | D:6      | Found a broken altar of Ashenzari.
  4666 | D:6      | Reached XP level 8. HP: 43/69 MP: 3/8
  4755 | D:5      | Noticed a shadow
  4768 | D:5      | Killed a shadow
  4768 | D:5      | Reached * piety under Beogh
  4769 | D:5      | Reached skill level 9 in Axes
  4949 | D:5      | Reached skill level 1 in Dodging
  5360 | D:5      | Reached ** piety under Beogh
  5440 | D:5      | Reached skill level 5 in Shields
  5777 | D:3      | Killed lotum's ghost
  5778 | D:3      | Reached skill level 10 in Axes
  5778 | D:3      | Reached XP level 9. HP: 71/78 MP: 7/9
  5880 | D:6      | Killed Prince Ribbit
  6001 | D:6      | Reached skill level 1 in Throwing
  6195 | D:7      | Reached skill level 11 in Axes
  6250 | D:7      | Noticed Joseph
  6266 | D:7      | Reached *** piety under Beogh
  6273 | D:7      | Killed Joseph
  6278 | D:7      | Reached skill level 12 in Axes
  6279 | D:7      | HP: 6/121 [orc warrior/+0 trident (1)]
  6286 | D:7      | HP: 1/81 [wight/+4 mace (5)]
  6358 | D:7      | Found a sand-covered staircase.
  6365 | D:7      | Reached XP level 10. HP: 32/88 MP: 10/10
  6369 | Ossuary  | Entered an ossuary
  6720 | Ossuary  | Gained Wargrak as an ally
  6861 | D:6      | Noticed Grinder
  6867 | D:6      | Paralysed by Grinder for 3 turns
  6872 | D:6      | Killed Grinder
  7067 | D:6      | Found Gat Fuvvuott's Book Emporium.
  7462 | D:7      | Reached skill level 13 in Axes
  7547 | D:7      | Reached **** piety under Beogh
  7562 | D:8      | Found a burning altar of Makhleb.
  8761 | D:9      | Found a staircase to the Orcish Mines.
  8788 | D:9      | Found a sparkling altar of Nemelex Xobeh.
  8901 | D:9      | Noticed a two-headed ogre
  8911 | D:9      | Killed a two-headed ogre
  8912 | D:9      | Reached skill level 14 in Axes
  9134 | D:9      | Reached XP level 11. HP: 97/97 MP: 11/11
  9167 | D:10     | Entered Level 10 of the Dungeon
  9346 | D:9      | Gained Syrus as an ally
  9624 | D:10     | Found a staircase to the Lair.
  9625 | D:10     | Noticed a two-headed ogre
  9628 | D:10     | Your ally Syrus died
  9636 | D:10     | Killed a two-headed ogre
 10070 | D:10     | Noticed a two-headed ogre
 10079 | D:10     | Killed a two-headed ogre
 10080 | D:10     | Reached skill level 10 in Fighting
 10098 | D:10     | Reached skill level 1 in Stealth
 10354 | D:10     | Noticed a wizard
 10367 | D:10     | Killed a wizard
 10368 | D:10     | Reached skill level 10 in Armour
 10372 | D:10     | Noticed a wizard
 10378 | D:10     | Killed a wizard
 10384 | D:10     | Reached ***** piety under Beogh
 10397 | D:10     | Noticed a wizard
 10410 | D:10     | Killed a wizard
 10506 | D:10     | Reached skill level 1 in Invocations
 10874 | D:10     | Noticed a wizard
 10878 | D:10     | Killed a wizard
 10904 | D:10     | Noticed a wizard
 10916 | Abyss:2  | Cast into level 2 of the Abyss (a wizard)
 11004 | Abyss:2  | Noticed a thrashing horror
 11014 | Abyss:2  | Killed a thrashing horror
 11026 | Abyss:2  | Noticed a large abomination
 11028 | Abyss:2  | Noticed a glowing orange brain
 11034 | Abyss:2  | Killed a large abomination
 11035 | Abyss:2  | Reached skill level 15 in Axes
 11035 | Abyss:2  | Reached XP level 12. HP: 13/110 MP: 1/13
 11039 | Abyss:2  | Noticed an ancient lich
 11048 | Abyss:2  | Mangled by a large abomination

Illustrated notes

Levels and vault maps discovered:
D:1:      lightli_arrival_chessboard, layout_basic
D:2:      layout_loops_ring
D:3:      layout_basic, mainiacjoe_overflow_surrounded_room,
          gammafunk_ghost_icy, serial_aquarium, aquarium_bridge_square
          [aquarium_subvault_bridge, aquarium_subvault_wall,
          aquarium_subvault_bridge, aquarium_subvault_balcony],
          aquarium_bridge_island_small [aquarium_subvault_small_open,
          aquarium_subvault_bridge, aquarium_subvault_wall,
          aquarium_subvault_bridge, aquarium_subvault_balcony],
          aquarium_window_1, aquarium_window_corridor_3, aquarium_window_fake,
          aquarium_view_2c, aquarium_view_4, aquarium_balcony_5a,
          nicolae_underground_beach, uniq_jessica, uniq_robin
D:4:      layout_loops_ring, nicolae_overflow_hallway_of_the_gods,
          kennysheep_nub
D:5:      lemuel_ratsnest, layout_loops_ring, minmay_temple_entry_junction,
          corexii_item_surrounded_by_moat, minmay_chambers_of_fives
D:6:      layout_gridville, mainiacjoe_overflow_boulevard, ashenzari_altar_1,
          serial_shops, nicolae_inconvenience_store, uniq_prince_ribbit1,
          uniq_grinder
D:7:      layout_basic, gup_ossuary_entry_pyramid, chequers_garden, uniq_joseph
D:8:      minmay_chambers_of_fours, layout_cave_pools, bloody_makhleb
D:9:      layout_stronghold, mainiacjoe_overflow_catwalk, orc_0_dummy,
          hangedman_decor_riveting, hex_large, kennysheep_generic_room_8
D:10:     minmay_smoke_and_mirrors, layout_rooms, erik_lair_orcish_takeover,
          chequers_jeans, minmay_holes, nicolae_sextant, uniq_nergalle
Temple:   minmay_temple_forest_path
Abyss:2:  base: D:10, hangedman_decor_points, hangedman_summoners_spam

Skill      XL: |  1  2  3  4  5  6  7  8  9 10 11 |
---------------+----------------------------------+-----
Fighting       | 4 5 6 8 9 11 | 11.2
Axes           | 4 6 8 10 12 14 15 | 15.0
Armour         | 4 5 6 7 8 11 | 11.1
Shields        | 4 5 6 7 |  7.6
Dodging        | 1 2 |  2.9
Throwing       | 1 |  1.4
Stealth        | 1 |  1.4
Invocations    | 1 |  1.5

Action                   |  1- 3 |  4- 6 |  7- 9 | 10-12 || total
-------------------------+-------+-------+-------+-------++-------
Melee: War axe           |    78 |   137 |   345 |   156 ||   716
       Hand axe          |       |       |       |   166 ||   166
Throw: Dart              |       |       |     5 |       ||     5
       Stone             |       |       |    11 |       ||    11
Invok: Convert to Beogh  |       |     1 |       |       ||     1
       Recall Orcish Fol |       |       |       |     4 ||     4
  Use: Potion            |       |     1 |     2 |     1 ||     4
       Scroll            |       |       |     8 |     3 ||    11
 Stab: Distracted        |       |       |       |     2 ||     2
Armor: Scale mail        |     5 |       |       |       ||     5
       Plate armour      |     8 |       |       |   127 ||   135
       Chain mail        |    33 |    67 |   194 |    69 ||   363
Dodge: Dodged            |    30 |    50 |   105 |   112 ||   297
Block: Buckler           |    18 |    39 |    72 |    85 ||   214

Table legend: (Time is in decaauts)
 A = Elapsed time spent in this place.
 B = Non-inter-level travel time spent in this place.
 C = Inter-level travel time spent in this place.
 D = Time resting spent in this place.
 E = Time spent auto-exploring this place.
 F = Levels seen in this place.
 G = Mean time per level.
                   A        B        C        D        E       F      G
               +--------+--------+--------+--------+--------+-----+--------+
         Total |  11077 |  10341 |    736 |    283 |   7180 |  13 |  852.1 |
       Dungeon |  10136 |   9452 |    684 |    283 |   6476 |  10 | 1013.6 |
        Temple |    390 |    338 |     52 |      0 |    326 |   1 |  390.0 |
         Abyss |    118 |    118 |      0 |      0 |     35 |   1 |  118.0 |
       Ossuary |    431 |    431 |      0 |      0 |    343 |   1 |  431.0 |
               +--------+--------+--------+--------+--------+-----+--------+

Top non-repeatable levels by time:
     D:5: 1775 daAuts
     D:4: 1274 daAuts
     D:9: 1233 daAuts
     D:1: 949 daAuts
     D:3: 938 daAuts
     D:8: 897 daAuts
    D:10: 897 daAuts
     D:6: 826 daAuts
     D:7: 680 daAuts
     D:2: 662 daAuts
 Ossuary: 431 daAuts
  Temple: 390 daAuts
 Abyss:2: 118 daAuts
